 Dungeon Crawl Stone Soup version 0.29-a0-355-g7276a9ff7f (webtiles) character file.

Game seed: 5262672864095678894

739 Dauddaud the Cleaver (level 7, -2/85 HPs)
             Began as a Minotaur Berserker on Apr 25, 2022.
             Was a Priest of Trog.
             Slain by Edmund
             ... wielding a +5 vorpal dire flail
              (4 damage)
             ... on level 4 of the Dungeon.
             The game lasted 00:06:16 (2892 turns).

Dauddaud the Cleaver (Minotaur Berserker)           Turns: 2892, Time: 00:06:16

Health: -2/85      AC:  6    Str: 24    XL:     7   Next: 46%
Magic:  6/6        EV: 11    Int:  4    God:    Trog [***...]
Gold:   112        SH:  0    Dex:  9    Spells: 6/6 levels left

rFire   x . .      SeeInvis .   a - +0 hand axe
rCold   + . .      Faith    .   (no shield)
rNeg    . . .      Spirit   .   c - +0 ring mail
rPois   .          Reflect  .   (helmet restricted)
rElec   .          Harm     .   (no cloak)
rCorr   .          Rampage  .   r - +0 pair of gloves
Will    ++...                   (no boots)
Stlth   ..........              (no amulet)
HPRegen 1.24/turn               k - ring of ice
MPRegen 0.10/turn               (no ring)

@: berserking, strong-willed, regenerating, very quick
A: horns 2, retaliatory headbutt
a: Renounce Religion, Berserk, Trog's Hand


You were on level 4 of the Dungeon.
You worshipped Trog.
Trog was most pleased with you.
You visited 1 branch of the dungeon, and saw 4 of its levels.

You collected 112 gold pieces.

Inventory:

Hand Weapons
 a - a +0 hand axe (weapon)
Armour
 b - a +0 animal skin
 c - a +0 ring mail (worn)
 r - a +0 pair of gloves (worn)
Jewellery
 k - a ring of ice (left hand)
Wands
 p - a wand of flame (14)
 u - a wand of polymorph (2)
 v - a wand of paralysis (12)
Scrolls
 e - 2 scrolls of amnesia
 h - a scroll of enchant armour
 i - a scroll of summoning
 j - a scroll of holy word
 l - a scroll of vulnerability {unknown}
 n - 2 scrolls of immolation {unknown}
Potions
 d - a potion of might {unknown}
 g - a potion of haste {unknown}
 m - 4 potions of curing {unknown}
 o - 2 potions of ambrosia {unknown}
 q - 3 potions of degeneration {unknown}
 s - a potion of attraction {unknown}
 t - a potion of brilliance {unknown}
 w - a potion of invisibility {unknown}
 x - a potion of cancellation {unknown}


   Skills:
 - Level 3.6 Fighting
 * Level 9.9 Axes
 - Level 2.4 Armour
 - Level 2.1 Dodging
 + Level 2.6 Evocations


You had 6 spell levels left.
You didn't know any spells.
Your spell library was empty.

Dungeon Overview and Level Annotations

Branches:
Dungeon (4/15)
 Temple: D:4-7

Altars:

Shops:
D:2 *[   D:4 [*

Annotations:
D:4 Edmund


Innate Abilities, Weirdness & Mutations

You have a pair of horns on your head.
You reflexively headbutt those who attack you in melee.


Message History

Edmund closely misses you. You furiously retaliate!
You headbutt Edmund. You hit Edmund.
Edmund is severely wounded.
Edmund says, "You wouldn't believe how much I paid for this flail."
Edmund hits you with a +5 vorpal dire flail.
You are too injured to fight recklessly!
You are too injured to fight recklessly!
You are too injured to fight recklessly!
You are too injured to fight recklessly!
You are too injured to fight recklessly!
You are too injured to fight recklessly!
You are too injured to fight recklessly!
You are too injured to fight recklessly!
You barely miss Edmund.
Edmund is severely wounded.
You closely miss Edmund.
Edmund is severely wounded.
Edmund hits you with a +5 vorpal dire flail!
* * * LOW HITPOINT WARNING * * *
x2 You hit Edmund but do no damage.
Edmund is severely wounded.
Edmund drinks a potion.
Edmund is healed!
Your skin crawls.
You feel strong-willed. Edmund hits you but does no damage.
A red film seems to cover your vision as you go berserk!
You feel yourself moving faster!
You feel mighty!
Edmund hits you with a +5 vorpal dire flail!
* * * LOW HITPOINT WARNING * * *
x2 You slash Edmund!
Edmund is moderately wounded.
Edmund hits you with a +5 vorpal dire flail.
* * * LOW HITPOINT WARNING * * *
x2 You slash Edmund!
Your headbutt misses Edmund.
Edmund is heavily wounded.
You hit Edmund.
Edmund is heavily wounded.
Edmund hits you with a +5 vorpal dire flail!
* * * LOW HITPOINT WARNING * * *
You die...

#§. ........#.#.#.#...
##
...............##.#....#
..................#.....
...............<....#...
........≈≈.§≈.......##..
(.......§#+#≈....#.#####
...?.....+∩'§§...###
......@.≈#'#§##.##
#......@≈≈.≈§####
##.........§.#
#.............#
#..........##...#
##......$.## #..#
.......#... ..#
...#.....#.. ..#
...#.....#..# ..
...#...#.#


You could see Edmund.

Vanquished Creatures
  Grinder (D:4)
  Sigmund (D:2)
  An ogre (D:4)
  2 scorpions (D:4)
  An orc wizard (D:3)
  Natasha (D:4)
  5 adders
  2 dart slugs (D:1)
  12 orcs
  6 ball pythons
  7 endoplasms
  6 giant cockroaches
  6 goblins
  6 hobgoblins
  4 jackals (D:1)
  3 kobolds
  4 quokkas
  5 bats
  5 frilled lizards (D:2)
  5 rats
83 creatures vanquished.

Notes
Turn   | Place    | Note
-------+----------+-------------------------------------------
     0 | D:1      | Dauddaud the Minotaur Berserker began the quest for the
                  | Orb.
     0 | D:1      | Reached XP level 1. HP: 19/19 MP: 0/0
    21 | D:1      | Found a faded altar of an unknown god.
   101 | D:1      | Reached skill level 4 in Axes
   241 | D:1      | Reached XP level 2. HP: 26/26 MP: 1/1
   338 | D:1      | Reached ** piety under Trog
   339 | D:1      | Reached skill level 5 in Axes
   562 | D:1      | Reached XP level 3. HP: 31/31 MP: 2/2
  1039 | D:2      | Found Daiqyewk's General Store.
  1198 | D:2      | Found Vyis's Antique Armour Emporium.
  1254 | D:2      | Noticed Sigmund
  1272 | D:2      | Killed Sigmund
  1273 | D:2      | Reached skill level 7 in Axes
  1273 | D:2      | Reached XP level 4. HP: 11/39 MP: 3/3
  1273 | D:2      | Reached XP level 5. HP: 12/45 MP: 4/4
  1683 | D:3      | Reached skill level 8 in Axes
  1937 | D:3      | Reached XP level 6. HP: 51/51 MP: 5/5
  2209 | D:3      | Reached *** piety under Trog
  2251 | D:4      | Noticed Grinder
  2266 | D:4      | Killed Grinder
  2267 | D:4      | Reached skill level 9 in Axes
  2267 | D:4      | Reached skill level 1 in Evocations
  2289 | D:4      | Reached XP level 7. HP: 29/57 MP: 6/6
  2798 | D:4      | Noticed Natasha
  2803 | D:4      | Killed Natasha
  2812 | D:4      | Found Xexoen's Assorted Antiques.
  2869 | D:4      | Found Nitizuen's Armour Emporium.
  2874 | D:4      | Noticed Edmund
  2892 | D:4      | HP: 2/85 [Edmund/+5 vorpal dire flail (10)]
  2892 | D:4      | Slain by Edmund

Illustrated notes

Levels and vault maps discovered:
D:1:      lemuel_arrival_lava_pool, layout_loops_ring,
          chequers_ecumenical_altar_island, chequers_serial_rivers_room_b,
          hangedman_glass_teeth, hangedman_decor_points, minmay_tromino_i2
D:2:      layout_rooms, serial_shops, nicolae_shop_waterfront,
          nicolae_diamond_shop, uniq_sigmund
D:3:      layout_basic, item_on_display_a
D:4:      layout_cave_pools, serial_shops, kennysheep_mini_moat,
          kennysheep_mini, nicolae_lakefront_shop, shop, uniq_grinder,
          uniq_natasha, uniq_edmund

Skill      XL: |  1  2  3  4  5  6 |
---------------+-------------------+-----
Axes           | 4 5 7 8 9 |  9.9
Evocations     | 2 |  2.6
Fighting       | |  3.6
Armour         | |  2.4
Dodging        | |  2.1

Action                   |  1- 3 |  4- 6 |  7- 9 || total
-------------------------+-------+-------+-------++-------
Melee: Hand axe          |    85 |    78 |    41 ||   204
       Headbutt          |    11 |    19 |     7 ||    37
       Punch             |       |     1 |       ||     1
Invok: Berserk           |     1 |     1 |     1 ||     3
       Trog's Hand       |     1 |     1 |     1 ||     3
  Use: Scroll            |       |       |     4 ||     4
Armor: Ring mail         |    28 |    27 |     7 ||    62
Dodge: Dodged            |    52 |    34 |    17 ||   103

Table legend: (Time is in decaauts)
 A = Elapsed time spent in this place.
 B = Non-inter-level travel time spent in this place.
 C = Inter-level travel time spent in this place.
 D = Time resting spent in this place.
 E = Time spent auto-exploring this place.
 F = Levels seen in this place.
 G = Mean time per level.
                   A        B        C        D        E       F      G
               +--------+--------+--------+--------+--------+-----+--------+
         Total |   2907 |   2796 |    111 |    521 |   1743 |   4 |  726.8 |
       Dungeon |   2907 |   2796 |    111 |    521 |   1743 |   4 |  726.8 |
               +--------+--------+--------+--------+--------+-----+--------+

Top non-repeatable levels by time:
     D:1: 918 daAuts
     D:2: 682 daAuts
     D:3: 661 daAuts
     D:4: 645 daAuts
